 Dungeon Crawl Stone Soup version 0.21-a0-513-gdcb3f5e (webtiles) character file.

135 Mojopoop the Skirmisher (level 4, -4/41 HPs)
             Began as a Draconian Abyssal Knight on Dec 2, 2017.
             Was a Believer of Lugonu.
             Slain by a gnoll (7 damage)
             ... on level 3 of the Dungeon.
             The game lasted 00:09:54 (2349 turns).

Mojopoop the Skirmisher (Draconian Abyssal Knight)  Turns: 2349, Time: 00:09:55

Health: -4/41      AC:  5    Str: 14    XL:     4   Next: 97%
Magic:  5/5        EV: 12    Int: 12    God:    Lugonu [**....]
Gold:   86         SH:  4    Dex: 12    Spells: 3/3 levels left

rFire    . . .     SeeInvis +   a - +2 mace
rCold    . . .     Gourm    .   n - +1 buckler
rNeg     . . .     Faith    .   (armour unavailable)
rPois    .         Spirit   .   (helmet restricted)
rElec    .         Reflect  .   (no cloak)
rCorr    .         Harm     .   (no gloves)
MR       .....                  (no boots)
Stlth    +.........             (no amulet)
HPRegen  0.13/turn              j - ring of see invisible
MPRegen  0.09/turn              h - ring of wizardry

@: lethally poisoned (-4 -> -44)
A: unfitting armour, cold-blooded, AC +5
a: Depart the Abyss, Bend Space, Renounce Religion


You were on level 3 of the Dungeon.
You worshipped Lugonu.
Lugonu was pleased with you.
You were not hungry.

You visited 1 branch of the dungeon, and saw 3 of its levels.
You visited the Abyss 1 time.

You collected 86 gold pieces.

Inventory:

Hand Weapons
 a - a +2 mace (weapon)
Armour
 n - a +1 buckler (worn)
Jewellery
 h - a ring of wizardry (right hand)
 j - a ring of see invisible (left hand)
Scrolls
 d - a scroll of amnesia
 f - 7 scrolls of remove curse
 g - 7 scrolls of teleportation
 k - a scroll of magic mapping
 l - a scroll of fog
 m - 2 scrolls of identify
Potions
 e - 3 potions of curing
 o - a potion of haste
 p - a potion of flight
Comestibles
 b - 4 bread rations
 c - 2 royal jellies
 i - a meat ration


   Skills:
 + Level 4.4 Fighting
 + Level 3.4 Maces & Flails
 + Level 3.2 Dodging
 - Level 2.0 Invocations


You had 3 spell levels left.
You didn't know any spells.

Dungeon Overview and Level Annotations

Branches:
Dungeon (3/15)

Altars:


Innate Abilities, Weirdness & Mutations

Your plain brown scales are hard. (AC +5)
You cannot fit into any form of body armour.
You are cold-blooded and may be slowed by cold attacks.


Message History

The gnoll hits you but does no damage.
You are more poisoned.
The gnoll hits you with a spear of venom.
You are more poisoned.
The gnoll closely misses you. x2
You feel very sick. The gnoll hits you but does no damage.
You are more poisoned.
The gnoll completely misses you.
You feel very sick.
* * * LOW HITPOINT WARNING * * *
You feel very sick.
* * * LOW HITPOINT WARNING * * *
You feel very sick.
You hit the gnoll.
The gnoll is moderately wounded.
* * * LOW HITPOINT WARNING * * *
You feel very sick. The gnoll hits you!
You die...

...>.....#.##....................
.##............#.##.##.#..##.####
...........#.....##.##.#..####
..........................#####
.##..#........................#
.##..#.......#.#..#....##.###.#
..........####.#.......##.....#
.###.#.#..# #.#.ggg...##.#.#.# .#
#.#.##.# # #@##....##.#.#.# .#
#.#.##.# #.#.##....##.#.#.#
.###.####.# #..?......##.#.#.#
..........# #.........####.#.#
####.###### #.####...........#
..(..# ## #.#.#####.#####
################# #.#.# #......
..........†.....###.#.# #.###.#
###############...#.#.# #.# #.#


You could see 3 gnolls.

Vanquished Creatures
  Terence (D:1)
  Robin (D:3)
  3 adders
  A worm (D:3)
  A dart slug (D:3)
  3 leopard geckos (D:1)
  A giant cockroach (D:2)
  8 hobgoblins
  10 jackals
  7 kobolds
  2 quokkas (D:3)
  5 bats
  3 frilled lizards
  8 goblins (D:3)
  5 rats
59 creatures vanquished.

Notes
Turn   | Place    | Note
-------+----------+-------------------------------------------
     0 | Abyss:1  | Mojopoop the Draconian Abyssal Knight began the quest for the Orb.
     0 | Abyss:1  | Reached XP level 1. HP: 19/19 MP: 2/2
    46 | Abyss:1  | Noticed a large abomination
    47 | D:1      | Escaped the Abyss
   269 | D:1      | Reached * piety under Lugonu
   269 | D:1      | Reached XP level 2. HP: 20/26 MP: 3/3
  1057 | D:2      | Noticed Terence
  1198 | D:1      | Killed Terence
  1198 | D:1      | Reached XP level 3. HP: 17/33 MP: 4/4
  1318 | D:2      | Reached skill level 4 in Fighting
  1426 | D:2      | Reached XP level 4. HP: 31/40 MP: 5/5
  1610 | D:3      | Noticed Robin
  1637 | D:3      | Killed Robin
  2141 | D:3      | Reached ** piety under Lugonu
  2349 | D:3      | Slain by a gnoll

Vault maps used:
D:1:      dpeg_arrival_rooms_b, hangedman_decor_riveting, grunt_decor_cap
D:2:      marbit_many_paths, uniq_terence
D:3:      first_bread, uniq_robin
Abyss:1:  hangedman_decor_points

Skill      XL: |  1  2  3  4 |
---------------+-------------+-----
Maces & Flails | 3 |  3.4
Fighting       | 4 |  4.4
Dodging        | 3 |  3.2
Invocations    | |  2.0

Action                   |  1- 3 |  4- 6 || total
-------------------------+-------+-------++-------
Melee: Mace              |    96 |    96 ||   192
       Tailslap          |    11 |     8 ||    19
Invok: Depart the Abyss  |     1 |       ||     1
  Use: Potion            |     5 |       ||     5
       Scroll            |     7 |     1 ||     8
  Eat: Bread ration      |     1 |       ||     1
Armor: Skin              |    32 |    46 ||    78
Dodge: Dodged            |    73 |    99 ||   172
Block: Buckler           |     8 |    24 ||    32

Table legend:
 A = Spawn XP
 B = Non-spawn XP
 C = Spawn XP percentage of total XP
 D = Spawn monster count
 E = Non-spawn monster count
 F = Spawn count percentage of total count
 G = Total turns spent on level
                    A         B        C        D         E        F      G
               +---------+---------+-------+---------+---------+-------+---------
         Total |       0 |     194 |   0.0 |       0 |      59 |   0.0 |  2349
               +---------+---------+-------+---------+---------+-------+---------
           D:1 |       0 |      67 |   0.0 |       0 |      16 |   0.0 |  1091
           D:2 |       0 |      34 |   0.0 |       0 |      12 |   0.0 |   295
           D:3 |       0 |      93 |   0.0 |       0 |      31 |   0.0 |   916
               +---------+---------+-------+---------+---------+-------+---------
